 Dungeon Crawl Stone Soup version 0.29.1-1-gd02db6906a (webtiles) character file.

Game seed: 14462799228384115627

8 Kold the Trooper (level 2, 24/24 HPs)
             Began as a Demonspawn Cinder Acolyte on Oct 19, 2022.
             Was a High Priest of Ignis.
             Quit the game on level 1 of the Dungeon.
             The game lasted 00:00:18 (412 turns).

Kold the Trooper (Demonspawn Cinder Acolyte)         Turns: 412, Time: 00:00:19

Health: 24/24      AC:  2    Str: 14    XL:     2   Next: 0%
Magic:  3/3        EV: 11    Int: 15    God:    Ignis [*****.]
Gold:   32         SH:  0    Dex:  8    Spells: 3/3 levels left

rFire   + . .      SeeInvis .     - Unarmed
rCold   . . .      Faith    .   (no shield)
rNeg    . . .      Spirit   .   a - +0 robe
rPois   .          Reflect  .   (no helmet)
rElec   .          Harm     .   (no cloak)
rCorr   .          Rampage  .   (no gloves)
Will    .....                   (no boots)
Stlth   +.........              (no amulet)
HPRegen 0.08/turn               (no ring)
MPRegen 0.08/turn               (no ring)

@: no status effects
A: hooves 1
a: Renounce Religion, Fiery Armour, Foxfire Swarm, Rising Flame


You were on level 1 of the Dungeon.
You worshipped Ignis.
Ignis was extremely pleased with you.
You visited 1 branch of the dungeon, and saw 1 of its levels.

You collected 32 gold pieces.

Inventory:

Armour
 a - a +0 robe (worn)
Jewellery
 e - a ring of see invisible
Scrolls
 b - 2 scrolls of identify {unknown}
Potions
 c - a potion of might {unknown}
 d - 2 potions of invisibility {unknown}
 f - a potion of berserk rage {unknown}


   Skills:
 + Level 3.1 Fighting
 + Level 2.8 Unarmed Combat
 + Level 1.2 Spellcasting
 + Level 2.8 Fire Magic


You had 3 spell levels left.
You didn't know any spells.
Your spell library contained the following spells:

 Spells                   Type           Power      Damage    Failure   Level
 Scorch                   Fire           18%        2d5       11%         2
 Apportation              Tloc           0%         N/A       24%         1
 Alistair's Intoxication  Tmut/Pois      0%         N/A       100%        5


Dungeon Overview and Level Annotations

Branches:
Dungeon (1/15)

Altars:


Innate Abilities, Weirdness & Mutations

You have large cloven feet.


Message History

The bat misses you.
A bat is nearby!
A bat is nearby!
You closely miss the bat. The bat hits you but does no damage.
The bat hits you. The bat misses you. The bat misses you.
You hit the bat.
You kill the bat!
No target in view!
No target in view!
f - a gluggy blue potion A frilled lizard comes into view.
The frilled lizard hisses angrily.
A frilled lizard is nearby!
A frilled lizard is nearby!
The frilled lizard closely misses you.
You miss the frilled lizard.
The frilled lizard bites you but does no damage.
You miss the frilled lizard. The frilled lizard bites you.
You barely miss the frilled lizard. The frilled lizard barely misses you.
You miss the frilled lizard. The frilled lizard bites you.
You closely miss the frilled lizard. The frilled lizard misses you.
You barely miss the frilled lizard.
The frilled lizard bites you but does no damage.
You barely miss the frilled lizard. The frilled lizard misses you.
You closely miss the frilled lizard. The frilled lizard bites you.
You hit the frilled lizard.
You kill the frilled lizard!
You see here a frilled lizard corpse.
A rat comes into view.
A rat is nearby!
A rat is nearby!
You closely miss the rat. The rat bites you but does no damage.
You hit the rat.
You kill the rat!
You have reached level 2!
Your demonic ancestry asserts itself...
Your feet thicken and deform.
Are you sure you want to abandon this character and quit the game? (Confirm with "yes".)

#.##.
####..........#
.. #.
#..........#
.##..
######.#####
... #.# .# #.#
.# #.# .#####
#.# .....# ##.#
.###.. #.@# ##
#.## #. #. ..
.. ... .. ...
#.


There were no monsters in sight!

Vanquished Creatures
  A dart slug (D:1)
  A bat (D:1)
  An endoplasm (D:1)
  A goblin (D:1)
  A frilled lizard (D:1)
  A rat (D:1)
6 creatures vanquished.

Notes
Turn   | Place    | Note
-------+----------+-------------------------------------------
     0 | D:1      | Kold the Demonspawn Cinder Acolyte began the quest for the
                  | Orb.
     0 | D:1      | Reached XP level 1. HP: 18/18 MP: 2/2
   412 | D:1      | Gained mutation: You have large cloven feet. [demonic
                  | ancestry]
   412 | D:1      | Reached XP level 2. HP: 24/24 MP: 3/3
   412 | D:1      | Quit the game

Illustrated notes

Levels and vault maps discovered:
D:1:      spicycebolla_arrival_ecumenical, layout_rooms

Action                   || total
-------------------------++-------
Melee: Unarmed           ||    21
Armor: Robe              ||     5
Dodge: Dodged            ||     8
